 Dungeon Crawl Stone Soup version 0.20.1-1-g8b1a95d (webtiles) character file.

5826 Piramida the Bludgeoner (level 10, -2/84 HPs)
             Began as a Minotaur Berserker on Nov 4, 2017.
             Was an Elder of Trog.
             Slain by a yak (10 damage)
             ... on level 8 of the Dungeon.
             The game lasted 00:19:31 (8391 turns).

Piramida the Bludgeoner (Minotaur Berserker)        Turns: 8391, Time: 00:19:32

Health: -2/84      AC: 12    Str: 24    XL:     10   Next: 51%
Magic:  11/11      EV: 13    Int:  6    God:    Trog [****..]
Gold:   627        SH:  0    Dex: 11    Spells: 9/9 levels left

rFire    . . .     SeeInvis .   y - +2 whip (flame)
rCold    . . .     Gourm    .   (no shield)
rNeg     . . .     Faith    .   x - +5 ring mail of Okawaru {Int+2}
rPois    .         Spirit   .   (helmet restricted)
rElec    .         Reflect  .   (no cloak)
rCorr    .         Harm     .   h - +0 pair of gloves
MR       ++...                  (no boots)
Stlth    +.........             (no amulet)
Regen    1.3/turn               (no ring)
MPRegen  0.2/turn               (no ring)

@: regenerating
A: retaliatory headbutt, horns 2
a: Berserk, Trog's Hand, Brothers in Arms, Burn Spellbooks, Renounce Religion


You were on level 8 of the Dungeon.
You worshipped Trog.
Trog was greatly pleased with you.
You were very hungry.

You visited 1 branch of the dungeon, and saw 9 of its levels.

You collected 627 gold pieces.

Inventory:

Hand Weapons
 y - a +2 whip of flaming (weapon)
Missiles
 m - 2 javelins (quivered)
Armour
 h - a +0 pair of gloves (worn)
 j - a +1 scale mail of poison resistance
 x - the +5 ring mail of Okawaru (worn) {Int+2}
   (You found it on level 4 of the Dungeon)

   It affects your intelligence (+2).
Jewellery
 E - an uncursed ring of fire
Wands
 a - a wand of flame (29/48)
 w - a wand of lightning (3/15)
 z - a wand of paralysis (3/24)
 B - a wand of acid (8/15)
 F - a wand of lightning (4/15)
 H - a wand of enslavement (13/24)
Scrolls
 e - 2 scrolls of teleportation
 f - 10 scrolls of remove curse
 i - 2 scrolls of identify
 o - 2 scrolls of fog {unknown}
 p - 3 scrolls of amnesia {unknown}
 s - a scroll of recharging {unknown}
 D - a scroll of magic mapping {unknown}
 G - a scroll of blinking {unknown}
 I - a scroll of noise {unknown}
Potions
 b - 4 potions of might
 d - 3 potions of mutation {unknown}
 n - 5 potions of flight
 r - 2 potions of invisibility {unknown}
 t - a potion of lignification {unknown}
 u - a potion of heal wounds
 v - a potion of haste {unknown}
 A - a potion of brilliance {unknown}
 C - 2 potions of curing {unknown}
Comestibles
 c - 6 bread rations
 g - 4 meat rations
 k - 10 fruits
 l - 11 royal jellies
 q - 7 chunks of flesh


   Skills:
 + Level 6.6 Fighting
 - Level 15.0 Maces & Flails
 + Level 6.1 Armour
 + Level 5.2 Dodging
 + Level 3.7 Evocations


You had 9 spell levels left.
You didn't know any spells.

Dungeon Overview and Level Annotations

Branches:
Dungeon (9/15)             Temple (0/1) D:5
   Lair: D:8-11         Orc: D:9-12

Altars:
Gozag
Makhleb
Nemelex Xobeh
Trog
Vehumet
Beogh


Innate Abilities, Weirdness & Mutations

You reflexively headbutt those who attack you in melee.
You have a pair of horns on your head.


Message History

You whack the yak! You burn the yak. You headbutt the yak.
The yak is heavily wounded.
The yak gores you!
* * * LOW HITPOINT WARNING * * *
You closely miss the yak.
The yak is heavily wounded.
You hit the yak. You burn the yak.
The yak is heavily wounded.
The yak gores you!
* * * LOW HITPOINT WARNING * * *
You hit the yak. You burn the yak.
The yak is severely wounded.
Your skin crawls.
You feel resistant to hostile enchantments.
You are feeling very hungry.
The yak closely misses you. You furiously retaliate!
You headbutt the yak.
You recover from your berserk rage.
The yak misses you. The yak gores you!
You die...

#.#####.##.###..#
#..........#
#.......##......#
##......####
#######.######.##
##.....# #.#
###.#########...# #.#
#.....#....###.##
####.####..>..#.._.# #.#
#<......#.....#...)###.##
#.†..##.#....Y#...))[...#
#....##.#...@.#...)#)...#
#....##.#######...)##...#
##.......# ###########
#.......## #####.#
#.##.##.# #.....#
#.##.##.### #.#####
#.#.......# #.#
#.#>##..#.# #.#
#.#.##..#.#####.#


You could see a yak.

Vanquished Creatures
  A centaur warrior (D:8)
  A two-headed ogre (D:8)
  Pikel (D:4)
  Grinder (D:6)
  2 hippogriffs (D:8)
  A yak (D:9)
  A wyvern (D:8)
  Eustachio (D:5)
  Menkaure (D:6)
  2 sky beasts
  A slave (D:4)
  A necrophage (D:7)
  A phantom (D:7)
  2 ogres
  A centaur (D:5)
  A big kobold (D:8)
  5 bullfrogs
  2 wyvern zombies
  A water moccasin skeleton (D:9)
  10 killer bees
  8 scorpions
  A crimson imp (D:6)
  A bullfrog zombie (D:5)
  5 hounds
  A jelly (D:7)
  3 orc priests
  2 orc wizards
  2 centaur skeletons
  6 worker ants
  A hound zombie (D:7)
  2 hound skeletons
  6 gnolls
  12 adders
  An adder skeleton (D:7)
  2 worms
  A dart slug (D:4)
  3 leopard geckos
  33 orcs
  2 ball pythons
  5 giant cockroaches
  6 goblins
  6 hobgoblins
  8 jackals
  9 kobolds
  5 quokkas
  7 bats
  A frilled lizard (D:2)
  A jackal zombie (D:5)
  7 rats
184 creatures vanquished.

Vanquished Creatures (others)
  An orc wizard (D:5)
  An adder (D:4)
2 creatures vanquished.

Grand Total: 186 creatures vanquished

Notes
Turn   | Place    | Note
-------+----------+-------------------------------------------
     0 | D:1      | Piramida the Minotaur Berserker began the quest for the Orb.
     0 | D:1      | Reached XP level 1. HP: 19/19 MP: 0/0
   113 | D:1      | Reached XP level 2. HP: 18/27 MP: 1/1
   154 | D:1      | Reached skill level 4 in Maces & Flails
   342 | D:1      | Reached ** piety under Trog
   616 | D:2      | Reached XP level 3. HP: 33/33 MP: 2/2
  1022 | D:2      | Reached skill level 5 in Maces & Flails
  1429 | D:3      | Reached XP level 4. HP: 32/40 MP: 3/3
  1677 | D:3      | Found a burning altar of Makhleb.
  1806 | D:4      | Reached skill level 6 in Maces & Flails
  1882 | D:4      | Reached XP level 5. HP: 43/46 MP: 4/4
  1928 | D:4      | Noticed Pikel
  1928 | D:4      | Noticed a slave
  1928 | D:4      | Noticed a slave
  1930 | D:4      | Noticed a slave
  1930 | D:4      | Noticed a slave
  1937 | D:4      | Killed a slave
  1942 | D:4      | Killed Pikel
  1942 | D:4      | Reached skill level 9 in Maces & Flails
  1942 | D:4      | Reached XP level 6. HP: 25/52 MP: 5/5
  1942 | D:4      | Reached XP level 7. HP: 28/58 MP: 6/6
  2133 | D:4      | Reached skill level 10 in Maces & Flails
  2222 | D:4      | Got a slimy ring mail
  2233 | D:4      | Identified the +5 ring mail of Okawaru {Int+2} (You found it on level 4 of the Dungeon)
  2567 | D:5      | Entered Level 5 of the Dungeon
  2603 | D:5      | Reached *** piety under Trog
  2607 | D:5      | Found a staircase to the Ecumenical Temple.
  2726 | D:5      | Found an opulent altar of Gozag.
  3111 | D:5      | Reached skill level 11 in Maces & Flails
  3194 | D:5      | Reached XP level 8. HP: 17/66 MP: 7/7
  3417 | D:5      | Noticed Eustachio
  3445 | D:5      | Killed Eustachio
  3447 | D:5      | Reached skill level 12 in Maces & Flails
  4592 | D:6      | Noticed Grinder
  4605 | D:6      | Killed Grinder
  4605 | D:6      | Reached skill level 13 in Maces & Flails
  4695 | D:6      | Noticed Menkaure
  4699 | D:6      | Killed Menkaure
  4806 | D:6      | Reached XP level 9. HP: 63/71 MP: 8/8
  4817 | D:6      | Found a bloodstained altar of Trog.
  4842 | D:6      | Reached **** piety under Trog
  5791 | D:7      | Reached skill level 14 in Maces & Flails
  6760 | D:7      | Reached skill level 15 in Maces & Flails
  6763 | D:7      | Found a radiant altar of Vehumet.
  6842 | D:7      | Found a sparkling altar of Nemelex Xobeh.
  7124 | D:8      | Reached skill level 1 in Evocations
  7242 | D:8      | Reached skill level 5 in Fighting
  7290 | D:8      | Noticed a centaur warrior
  7301 | D:8      | Killed a centaur warrior
  7301 | D:8      | Reached skill level 5 in Armour
  7301 | D:8      | Reached XP level 10. HP: 82/82 MP: 9/11
  7591 | D:8      | Noticed a two-headed ogre
  7608 | D:8      | Killed a two-headed ogre
  7781 | D:8      | Found a roughly hewn altar of Beogh.
  7967 | D:8      | Reached skill level 5 in Dodging
  8364 | D:9      | HP: 3/84 [yak (5)]
  8385 | D:8      | HP: 1/84 [yak (8)]
  8391 | D:8      | Slain by a yak

Skill      XL: |  1  2  3  4  5  6  7  8  9 10 |
---------------+-------------------------------+-----
Maces & Flails | 4 5 6 9 11 13 15 | 15.0
Fighting       | 5 6 |  6.6
Armour         | 5 6 |  6.1
Evocations     | 2 3 |  3.7
Dodging        | 4 5 |  5.2

Action                   |  1- 3 |  4- 6 |  7- 9 | 10-12 || total
-------------------------+-------+-------+-------+-------++-------
Melee: Mace              |    88 |    42 |       |       ||   130
       Headbutt          |    11 |     7 |    53 |    26 ||    97
       Whip              |       |       |   298 |   110 ||   408
Throw: Javelin           |     3 |       |     2 |       ||     5
       Tomahawk          |       |     3 |       |       ||     3
Invok: Berserk           |       |     1 |     5 |     2 ||     8
       Burn Spellbooks   |       |       |     3 |       ||     3
       Trog's Hand       |       |       |     1 |     1 ||     2
  Use: Scroll            |     3 |     1 |     3 |       ||     7
       Potion            |       |       |       |     2 ||     2
  Eat: Chunk             |     2 |     1 |    12 |     5 ||    20
       Meat ration       |       |       |     2 |       ||     2
Armor: Animal skin       |     8 |       |       |       ||     8
       Scale mail        |    27 |    22 |     2 |       ||    51
       Ring mail         |       |       |    91 |    26 ||   117
Dodge: Dodged            |    66 |    32 |   116 |    59 ||   273
